Map: Dusk Towers

Players

sOs

  • Race: Protoss Protoss

ByuN - Winner!

  • Race: Terran Terran

Event: IEM Season 10 - Taipei

VOD

Have the link to the VOD?

Description

Time

  • Played on: Feb. 2, 2016, 1:18 a.m.
  • Length: 9:30

All games in this series

Show
View Real Time Build Order
Export as new Build Order

sOs Protoss 

Build Orders: 1 Gate Expand, Oracle Opening 

Get SALT Encoding   

  12  0:00  Probe (Chrono Boost)  
  13  0:11  Probe (Chrono Boost)  
  14  0:16  Pylon  
  14  0:22  Probe (Chrono Boost)  
  15  0:35  Probe (Chrono Boost)  
  16  0:37  Gateway  
  16  0:45  Probe (Chrono Boost)  
  16  0:47  Assimilator  
  17  0:56  Probe (Chrono Boost)  
  18  1:06  Probe (Chrono Boost)  
  19  1:20  Nexus  
  19  1:24  Probe (Chrono Boost)  
  20  1:33  Cybernetics Core  
  20  1:35  Probe (Chrono Boost)  
  21  1:41  Assimilator  
  21  1:46  Probe (Chrono Boost)  
  22  1:50  Pylon  
  22  1:56  Probe (Chrono Boost)  
  24  2:08  Probe (Chrono Boost)  
  24  2:17  Stargate  
  24  2:19  Probe (Chrono Boost)  
  25  2:26  Warp Gate  
  25  2:29  Probe (Chrono Boost)  
  25  2:33  Probe (Chrono Boost)  
  26  2:40  Probe (Chrono Boost)  
  26  2:43  Probe (Chrono Boost)  
  28  2:52  Nexus  
  28  2:53  Probe (Chrono Boost)  
  28  2:56  Probe (Chrono Boost)  
  30  3:03  Oracle  
  33  3:06  Probe (Chrono Boost)  
  33  3:09  Probe (Chrono Boost)  
  35  3:17  Mothership Core (Chrono Boost)  
  35  3:19  Probe (Chrono Boost)  
  38  3:27  Gateway  
  38  3:29  Gateway  
  38  3:31  Probe (Chrono Boost)  
  39  3:35  Probe (Chrono Boost)  
  40  3:41  Probe (Chrono Boost)  
  40  3:44  Pylon  
  40  3:46  Twilight Council, Probe (Chrono Boost)  
  42  3:52  Probe (Chrono Boost)  
  43  3:56  Assimilator, Probe (Chrono Boost)  
  43  3:57  Assimilator  
  44  4:03  Probe (Chrono Boost)  
  44  4:06  Probe (Chrono Boost)  
  44  4:07  Probe (Chrono Boost)  
  47  4:10  Phoenix (Chrono Boost)  
  47  4:13  Probe (Chrono Boost)  
  47  4:15  Probe (Chrono Boost)  
  48  4:20  Pylon  
  48  4:25  Resonating Glaives  
  48  4:27  Probe  
  48  4:30  Adept x3  
  48  4:31  Probe x2  
  56  4:38  Phoenix (Chrono Boost)  
  59  4:41  Probe x2  
  59  4:43  Probe  
  62  4:50  Adept  
  62  4:51  Adept  
  62  4:52  Adept  
  66  5:04  Phoenix (Chrono Boost)  
  64  5:09  Probe x2  
  64  5:11  Adept x2, Probe  
  64  5:13  Adept  
  64  5:21  Probe x2 (Chrono Boost)  
  59  5:26  Probe (Chrono Boost)  
  62  5:33  Adept x3  
  62  5:34  Probe x2 (Chrono Boost)  
  70  5:37  Probe (Chrono Boost)  
  70  5:38  Pylon  
  71  5:45  Probe x2 (Chrono Boost)  
  71  5:47  Probe (Chrono Boost)  
  71  5:49  Pylon  
  74  5:53  Forge  
  74  5:56  Forge, Probe x2 (Chrono Boost)  
  76  5:58  Probe (Chrono Boost)  
  76  6:03  Templar Archives  
  77  6:07  Probe x2 (Chrono Boost)  
  77  6:09  Probe (Chrono Boost)  
  77  6:10  Blink, Sentry  
  82  6:13  Assimilator x2  
  82  6:15  Pylon  
  82  6:17  Probe x2 (Chrono Boost)  
  84  6:24  Protoss Ground Weapons Level 1  
  84  6:25  Probe (Chrono Boost), Protoss Ground Armor Level 1  
  85  6:27  Pylon  
  85  6:28  Psionic Storm, Probe x2 (Chrono Boost)  
  87  6:36  Probe (Chrono Boost)  
  87  6:38  Probe x2 (Chrono Boost)  
  90  6:45  Gateway  
  90  6:47  Gateway  
  90  6:52  Probe  
  90  6:53  Probe  
  92  6:54  Robotics Facility  
  92  6:57  Gateway  
  92  6:58  High Templar  
  94  7:02  Photon Cannon  
  94  7:07  High Templar  
  96  7:09  Gateway  
  96  7:12  Pylon  
  96  7:21  High Templar  
  98  7:35  High Templar  
  98  7:36  Photon Cannon  
  98  7:40  Photon Cannon  
  98  7:42  Warp Prism  
  98  7:43  Gateway, Nexus  
  100  7:45  Gateway  
  100  7:46  Pylon  
  100  7:50  Stalker x3  
  106  7:53  Stalker  
  106  7:56  High Templar  
  110  8:00  Probe x3, Photon Cannon  
  113  8:10  High Templar x2  
  113  8:11  Pylon  
  113  8:12  Archon  
  113  8:13  Adept  
  113  8:14  Adept x2  
  113  8:16  Pylon  
  119  8:21  Photon Cannon  
  119  8:24  Assimilator  
  119  8:29  Assimilator  
  119  8:36  Pylon  
  109  8:41  Adept  
  109  8:42  Adept x3  
  109  8:47  Adept  
  109  8:48  Adept x2  
  107  8:52  Observer (Chrono Boost)  
  90  9:08  Adept x7  
  101  9:12  Photon Cannon  
  101  9:13  Pylon  
  98  9:18  Adept  
Show
View Real Time Build Order
Export as new Build Order

ByuN Terran - Winner!

Build Orders: MMM Bio 

Get SALT Encoding   

  12  0:00  SCV  
  13  0:12  SCV  
  14  0:17  Supply Depot  
  14  0:25  SCV  
  15  0:38  SCV  
  15  0:41  Barracks  
  16  0:43  Refinery  
  16  0:50  SCV  
  17  1:02  SCV  
  18  1:15  SCV  
  19  1:29  Orbital Command, Barracks Reactor  
  19  1:42  Command Center  
  19  1:51  Supply Depot  
  19  1:55  SCV  
  20  2:05  Marine x2  
  22  2:09  Factory  
  22  2:10  SCV  
  23  2:23  Marine x2, SCV  
  26  2:35  SCV  
  26  2:36  Refinery  
  27  2:41  Marine x2  
  29  2:47  SCV  
  30  2:53  Widow Mine  
  30  2:54  Starport  
  30  2:55  Orbital Command  
  32  2:59  SCV  
  32  3:03  Marine x2  
  35  3:11  SCV  
  36  3:19  Supply Depot  
  36  3:22  Widow Mine, SCV  
  36  3:23  Marine, SCV  
  36  3:26  Marine  
  42  3:31  Medivac  
  44  3:34  SCV  
  44  3:35  SCV  
  44  3:39  Supply Depot  
  46  3:42  Marine  
  46  3:44  Marine  
  48  3:48  SCV x2  
  50  3:57  Factory Tech Lab  
  50  4:00  SCV  
  50  4:01  SCV  
  52  4:07  Marine x2  
  54  4:13  SCV x2  
  56  4:18  Command Center  
  56  4:23  Supply Depot  
  56  4:25  SCV x2, Siege Tank  
  62  4:35  Supply Depot  
  62  4:40  Barracks  
  62  4:42  SCV  
  62  4:45  SCV  
  63  4:48  Barracks  
  63  4:49  Marine  
  63  4:50  Marine  
  65  4:54  SCV  
  65  4:57  SCV  
  63  5:06  SCV  
  64  5:07  Marine x2  
  64  5:09  SCV  
  66  5:14  Starport Reactor  
  66  5:19  SCV  
  62  5:21  SCV  
  62  5:22  Factory Tech Lab  
  62  5:23  Engineering Bay  
  62  5:25  Marine x2, Refinery x2, Engineering Bay  
  61  5:31  SCV, Barracks  
  61  5:32  Orbital Command  
  61  5:33  SCV  
  63  5:43  Stimpack  
  63  5:46  Factory Reactor  
  63  5:47  Marauder x2  
  63  5:48  SCV  
  63  5:49  SCV  
  69  5:50  Barracks  
  69  5:53  Terran Infantry Armor Level 1, Terran Infantry Weapons Level 1  
  69  5:56  Marine x2  
  71  6:00  Missile Turret  
  71  6:02  Orbital Command  
  71  6:03  Missile Turret  
  71  6:08  SCV x2  
  71  6:11  Marauder x2  
  77  6:13  Medivac  
  77  6:15  Medivac  
  81  6:22  Marine x2  
  83  6:29  Supply Depot, SCV  
  83  6:31  Supply Depot  
  83  6:32  Supply Depot, Marauder  
  88  6:33  Marauder, Factory Reactor  
  88  6:34  Marine x2  
  90  6:40  SCV  
  90  6:41  SCV x2  
  90  6:46  Barracks Tech Lab  
  93  6:51  Marine x2  
  93  6:52  Supply Depot  
  95  6:54  Supply Depot  
  95  6:55  SCV x3, Armory  
  95  6:59  Missile Turret  
  98  7:04  Marine x2  
  98  7:07  Medivac x2  
  104  7:09  SCV x2  
  104  7:10  SCV  
  104  7:13  Marine x2  
  109  7:19  Widow Mine x2  
  109  7:22  Marauder  
  113  7:23  Marauder  
  113  7:26  Marine  
  113  7:28  Marine  
  115  7:36  SCV x3  
  116  7:37  Supply Depot  
  116  7:39  Marine x2  
  116  7:41  Combat Shields  
  116  7:43  Concussive Shells  
  118  7:48  Widow Mine x2  
  118  7:50  Marine x2  
  124  7:54  Marauder x3  
  130  8:02  Supply Depot  
  130  8:10  Medivac  
  130  8:11  Medivac, Marine x4  
  138  8:19  Supply Depot  
  138  8:22  Refinery x2  
  138  8:24  Marauder x3  
  144  8:29  Marine x4  
  139  8:42  Widow Mine x2  
  139  8:45  Medivac x2, Marauder x3  
  139  8:47  Marine x2  
  147  8:55  Marine x2  
  133  9:04  Marine x2  
  133  9:07  Marauder x3  
  147  9:22  Barracks  
  147  9:23  Barracks  
  138  9:25  Barracks  

Tags
 
Add a new tag
Caveats
  • Supply blocks, unpowered buildings, or Contaminate may cause inaccurate times.
  • Supply counts are checked every 10 seconds.